 Dungeon Crawl Stone Soup version 0.29.1-1-gd02db6906a (webtiles) character file.

Game seed: 3816439186355683491

109 xian the Trooper (level 4, -1/49 HPs)
             Began as an Ogre Fighter on Oct 7, 2022.
             Slain by an orc wizard
             ... wielding a +1 dagger of venom
              (2 damage)
             ... on level 3 of the Dungeon.
             The game lasted 00:06:02 (2935 turns).

xian the Trooper (Ogre Fighter)                     Turns: 2935, Time: 00:06:03

Health: -1/49      AC:  3    Str: 22    XL:     4   Next: 90%
Magic:  4/4        EV:  8    Int:  9    God:
Gold:   144        SH:  7    Dex:  8    Spells: 3/3 levels left

rFire   . . .      SeeInvis .   a - +0 war axe
rCold   . . .      Faith    .   c - +0 kite shield
rNeg    . . .      Spirit   .   b - +0 robe
rPois   .          Reflect  .   (helmet restricted)
rElec   .          Harm     .   (no cloak)
rCorr   .          Rampage  .   (gloves unavailable)
Will    .....                   (boots unavailable)
Stlth   +.........              (no amulet)
HPRegen 0.16/turn               (no ring)
MPRegen 0.09/turn               (no ring)

@: lethally poisoned (-1 -> -3)
A: large, unfitting armour, tough skin 1
a: no special abilities


You were on level 3 of the Dungeon.
You visited 1 branch of the dungeon, and saw 3 of its levels.

You collected 144 gold pieces.

Inventory:

Hand Weapons
 a - a +0 war axe (weapon)
Armour
 b - a +0 robe (worn)
 c - a +0 kite shield (worn)
Wands
 r - a wand of mindburst (15)
Scrolls
 g - a scroll of acquirement {unknown}
 j - 2 scrolls of vulnerability {unknown}
 l - a scroll of enchant weapon {unknown}
 m - 3 scrolls of identify {unknown}
 p - 2 scrolls of poison {unknown}
 q - a scroll of fog {unknown}
 t - a scroll of silence {unknown}
 u - 3 scrolls of torment {unknown}
Potions
 d - a potion of might
 e - a potion of degeneration {unknown}
 f - a potion of magic {unknown}
 h - 2 potions of curing
 i - a potion of berserk rage {unknown}
 n - 2 potions of heal wounds
 o - a potion of haste {unknown}
 s - a potion of flight {unknown}


   Skills:
 + Level 4.9 Fighting
 + Level 3.3 Axes
 + Level 1.1 Throwing
 + Level 3.1 Dodging
 + Level 0.2 Stealth
 + Level 3.3 Shields


You had 3 spell levels left.
You didn't know any spells.
Your spell library contained the following spells:

 Spells                   Type           Power      Damage    Failure   Level
 Freeze                   Ice            0%         1d3       67%         1
 Magic Dart               Conj           0%         1d3       67%         1
 Call Imp                 Summ           0%         N/A       82%         2
 Conjure Flame            Conj/Fire      0%         6-21      96%         3
 Frozen Ramparts          Ice            0%         1d1       96%         3
 Ignite Poison            Fire/Tmut/Pois 0%         N/A       96%         3
 Mephitic Cloud           Conj/Pois/Air  0%         N/A       96%         3
 Hailstorm                Conj/Ice       0%         3d3       100%        4
 Sticky Flame             Conj/Fire      0%         2d3       100%        4


Dungeon Overview and Level Annotations

Branches:
Dungeon (3/15)

Altars:
Okawaru

Shops:
D:2 (


Innate Abilities, Weirdness & Mutations

You are too large for most types of armour.
You have tough skin. (AC +1)


Message History

You feel very sick. Something hits you but does no damage.
You are more poisoned.
Something hits you but does no damage.
You are more poisoned.
You miss something.
You feel very sick. Something hits you.
You barely miss something.
You feel very sick. Something hits you. Something completely misses you.
You slash something!
You feel very sick. Something hits you.
* * * LOW HITPOINT WARNING * * *
Okay, then.
Unknown command.
Throw: 2 large rocks
Press: ? - help, Q - select action, (/) - cycle Shift-Dir - straight line, f - you Really target yourself?
Okay, then.
Unknown command.
Throw: 2 large rocks
Press: ? - help, Q - select action, (/) - cycle Shift-Dir - straight line You throw a large rock.
You feel very sick.
You hear some strange, mumbled words.
A magic dart appears from out of thin air!
The magic dart hits you.
* * * LOW HITPOINT WARNING * * *
You hear some strange, mumbled words.
A puff of flame appears from out of thin air!
The puff of flame hits you.
* * * LOW HITPOINT WARNING * * *
Throw: large rock
Press: ? - help, Q - select action, (/) - cycle Shift-Dir - straight line You throw a large rock.
* * * LOW HITPOINT WARNING * * *
You feel sick. Something hits you.
You die...

...##.##########.## ###
.# . )..##.# #.# .#
...##.# #.# #
...##.##########.#
...##.#..........######
##.##.#................
#.##.#................
##'##+#.......#...♣...#
...........##...@♣.♣ .
......))..###..{♣.♣.♣
...............♣.♣.♣.♣
#####..##.....♣.♣._.♣.♣
.....#...(..♣.♣.♣.♣.
.......#.##....♣(♣.♣..
..........###... ♣....
..........# .#. ..#.
..........# .


There were no monsters in sight!

Vanquished Creatures
  3 adders
  A worm (D:2)
  3 dart slugs
  4 orcs (D:3)
  8 ball pythons
  8 bats
  2 endoplasms
  4 giant cockroaches
  2 goblins
  4 hobgoblins
  8 jackals (D:2)
  8 kobolds
  4 quokkas
  2 frilled lizards
  4 rats (D:1)
65 creatures vanquished.

Vanquished Creatures (others)
  2 plants (D:2)
2 creatures vanquished.

Grand Total: 67 creatures vanquished

Notes
Turn   | Place    | Note
-------+----------+-------------------------------------------
     0 | D:1      | xian the Ogre Fighter began the quest for the Orb.
     0 | D:1      | Reached XP level 1. HP: 24/24 MP: 1/1
   246 | D:1      | Reached XP level 2. HP: 31/32 MP: 2/2
   582 | D:1      | Found a faded altar of an unknown god.
   716 | D:1      | Reached XP level 3. HP: 40/40 MP: 3/3
  1406 | D:2      | Reached skill level 1 in Throwing
  1684 | D:2      | Reached XP level 4. HP: 43/49 MP: 4/4
  1986 | D:2      | Found Wourif's Weapon Boutique.
  2913 | D:3      | Found an iron altar of Okawaru.
  2935 | D:3      | HP: 1/49 [poisoned by an orc wizard]
  2935 | D:3      | Slain by an orc wizard

Illustrated notes

Levels and vault maps discovered:
D:1:      lemuel_arrival_behind_the_door_large, layout_basic,
          shapermc_ecumenical_altar_acropolis, minivault_24
D:2:      layout_rooms, serial_forest, infiniplex_forest_pool,
          infiniplex_forest_corner_2, infiniplex_forest_lined_ring,
          infiniplex_forest_fountain, infiniplex_forest_lined_3,
          infiniplex_forest_lined_4_way, infiniplex_forest_corner_1,
          infiniplex_forest_end_2, infiniplex_forest_clump_long, serial_shops,
          nicolae_shop_bloodbath_and_beyond, minmay_diced_spiral
D:3:      layout_basic, okawaru_trees_2

Skill      XL: |  1  2  3  4 |
---------------+-------------+-----
Dodging        | 3 |  3.1
Throwing       | 1 |  1.1
Axes           | 3 |  3.3
Fighting       | |  4.9
Stealth        | |  0.2
Shields        | |  3.3

Action                   |  1- 3 |  4- 6 || total
-------------------------+-------+-------++-------
Melee: War axe           |   103 |    85 ||   188
Throw: Stone             |    22 |       ||    22
       Large rock        |     2 |     4 ||     6
  Use: Potion            |       |     1 ||     1
Armor: Robe              |    43 |    33 ||    76
Dodge: Dodged            |    60 |    40 ||   100
Block: Kite shield       |    48 |    39 ||    87
